Map: Lockdown LE

Players

Hipertex - Winner!

  • Race: Terran Terran
  • League: Gold

VilugArZa

  • Race: Zerg Zerg
  • League: Platinum

VOD

Have the link to the VOD?

Description

Time

  • Played on: June 24, 2026, 9:43 p.m.
  • Length: 7:33
Show
View Real Time Build Order
Export as new Build Order

Hipertex Terran - Winner!

Build Orders:  

Get SALT Encoding   

  8  0:02  SCV  
  9  0:14  SCV  
  10  0:26  SCV  
  11  0:38  SCV  
  11  0:41  Supply Depot  
  12  0:50  SCV  
  13  1:03  SCV  
  13  1:04  Barracks  
  14  1:15  SCV  
  15  1:27  SCV  
  15  1:28  Refinery  
  16  1:39  SCV  
  17  1:44  Refinery  
  17  1:51  SCV  
  18  1:59  Command Center  
  18  2:03  SCV  
  18  2:07  Marine  
  21  2:15  SCV  
  21  2:24  Bunker  
  21  2:31  Supply Depot  
  21  2:37  Orbital Command  
  21  2:55  Factory  
  21  3:03  Marine  
  21  3:05  SCV  
  23  3:12  Orbital Command  
  23  3:17  SCV  
  24  3:21  Marine  
  25  3:28  Refinery  
  25  3:29  SCV  
  26  3:38  SCV  
  26  3:39  Marine  
  28  3:43  Starport  
  28  3:44  SCV  
  29  3:50  SCV  
  30  3:56  SCV  
  30  4:00  Starport  
  31  4:02  SCV  
  31  4:09  SCV, Refinery  
  33  4:15  SCV  
  34  4:21  SCV  
  34  4:22  Fusion Core  
  35  4:24  Starport  
  35  4:27  Armory, SCV  
  36  4:33  SCV  
  36  4:38  Starport Tech Lab x2  
  37  4:39  SCV  
  37  4:45  SCV  
  39  4:51  SCV  
  39  4:52  Supply Depot x2  
  40  4:57  SCV  
  41  5:03  SCV  
  42  5:13  SCV  
  43  5:15  Battlecruiser  
  43  5:20  Battlecruiser  
  55  5:21  SCV  
  55  5:26  SCV  
  55  5:27  Terran Ship Weapons Level 1  
  57  5:33  SCV  
  58  5:36  Weapon Refit  
  58  6:10  Supply Depot x2  
  58  6:12  Command Center  
  58  6:16  SCV x2  
  60  6:21  Battlecruiser  
  66  6:28  SCV x2  
  68  6:40  SCV  
  75  7:01  Orbital Command  
Show
View Real Time Build Order
Export as new Build Order

VilugArZa Zerg 

Build Orders: Hatch First 

Get SALT Encoding   

  8  0:00  Drone  
  9  0:11  Drone  
  10  0:19  Drone  
  11  0:25  Drone  
  12  0:33  Extractor  
  12  0:34  Drone  
  12  0:40  Extractor, Drone  
  12  0:46  Overlord  
  14  1:05  Drone x2  
  14  1:09  Drone  
  17  1:23  Hatchery  
  16  1:28  Drone  
  17  1:33  Extractor, Drone  
  17  1:46  Spawning Pool  
  16  1:48  Drone  
  16  1:52  Drone  
  18  1:57  Drone  
  19  2:18  Hatchery  
  18  2:25  Overlord  
  18  2:27  Drone  
  19  2:32  Drone  
  19  2:36  Drone  
  21  2:43  Overlord  
  21  2:44  Drone  
  22  2:52  Lair  
  22  2:56  Drone  
  23  2:59  Zergling x2  
  23  3:03  Drone  
  25  3:08  Drone  
  25  3:09  Drone  
  27  3:20  Zergling x4  
  27  3:25  Drone  
  27  3:26  Drone  
  31  3:34  Drone x3  
  34  3:41  Drone x2  
  34  3:42  Drone  
  37  3:54  Spire  
  36  3:59  Overlord  
  36  4:01  Drone x5  
  41  4:05  Extractor  
  40  4:10  Extractor  
  39  4:21  Zergling x4  
  39  4:24  Overlord  
  41  4:30  Metabolic Boost  
  41  4:33  Overlord x2  
  41  4:35  Drone x4  
  45  4:46  Drone  
  45  4:47  Drone x3  
  49  4:52  Extractor  
  48  5:04  Corruptor x2  
  52  5:08  Drone x5  
  57  5:22  Overlord  
  57  5:24  Drone  
  57  5:25  Drone x3, Hatchery  
  60  5:40  Corruptor x3  
  64  6:02  Corruptor x2  
  68  6:05  Drone x5  
  68  6:06  Drone x2  
  75  6:14  Extractor  
  75  6:15  Extractor  
  75  6:17  Overlord x3  
  73  6:25  Baneling Nest  
  63  6:51  Corruptor  
  63  6:52  Corruptor  
  63  6:54  Zergling x14  
  68  6:55  Zergling x4  
Tags
 
Add a new tag
Caveats
  • Supply blocks, unpowered buildings, or Contaminate may cause inaccurate times.
  • Supply counts are checked every 10 seconds.